WBC
LATIN AMERICAN @ USA
02/05/2060
 
TOP OF THE 1ST
Latin American batting - Pitching for USA : RHP Charlie Spence
Pitching: RHP Charlie Spence
Batting: RHB Brad Castro 0-0: Called Strike
0-1: Foul Ball, location: 2F
0-2: Ball
1-2: Ball
2-2: Foul Ball, location: 2F
2-2: Strikes out swinging
Batting: SHB Beaumont Sanchez 0-0: Ball
1-0: Ball
2-0: Ball
3-0: Called Strike
3-1: Called Strike
3-2: Strikes out swinging
Batting: RHB Asher Kappler 0-0: Called Strike
0-1: Swinging Strike
0-2: Ball
1-2: Ball
2-2: Strikes out swinging
Top of the 1st over - 0 runs, 0 hits, 0 errors, 0 left on base; Latin American 0 - USA 0
BOTTOM OF THE 1ST
USA batting - Pitching for Latin American : LHP Reuben Yoshida
Pitching: LHP Reuben Yoshida
Batting: LHB Chase Calhoun 0-0: Foul Ball, location: 2F
0-1: Ball
1-1: Ball
2-1: DOUBLE (Flyball, 8RXD, EV 93.1 MPH)
Batting: RHB Keon Pryor 0-0: Ball
1-0: Foul Ball, location: 2F
1-1: Ball
2-1: SINGLE (Line Drive, 3L, EV 103.8 MPH)
Chase Calhoun to third
Runner from 3rd tries for Home, SAFE, throw by RF to home
Batting: RHB Parker Lee 0-0: Foul Ball, location: 2F
0-1: Ball
1-1: Reached on error, E6 (Groundball, 6, EV 84.4 MPH)
Keon Pryor to second
Batting: LHB Rob Morris 0-0: Ball
1-0: Called Strike
1-1: Ball
2-1: Ball
3-1: Foul Ball, location: 2F
3-2: Fly out, F3 (Popup, 3SF, EV 72.5 MPH)
Batting: LHB Byron Carlton 0-0: Ball
1-0: Fielders Choice at 2nd, 3-6 (Groundball, 3, EV 76.2 MPH)
Keon Pryor to third
Batting: LHB Devon Cundiff 0-0: Ball
1-0: Swinging Strike
1-1: Swinging Strike
1-2: Ball
2-2: Foul Ball, location: 2F
2-2: Fly out, F6 (Popup, 6M, EV 71.2 MPH)
Bottom of the 1st over - 1 run, 2 hits, 1 error, 2 left on base; Latin American 0 - USA 1
TOP OF THE 2ND
Latin American batting - Pitching for USA : RHP Charlie Spence
Batting: RHB Adrien Mondragon 0-0: SINGLE (Groundball, 56D, EV 96.2 MPH)
Batting: LHB Zac Arellanes 0-0: Ball
1-0: Ball
2-0: Called Strike
2-1: Called Strike
2-2: Ball
3-2: Foul Ball, location: 2F
3-2: Strikes out looking
Adrien Mondragon steals 2nd base
Batter strikes out.
Batting: RHB Khaleen Romero 0-0: Called Strike
0-1: Called Strike
0-2: Fly out, F9 (Flyball, 89S, EV 90.0 MPH)
Batting: LHB Archibald Vasquez 0-0: Ball
1-0: Called Strike
1-1: Called Strike
1-2: Foul Ball, location: 2F
1-2: Ball
2-2: Strikes out looking
Top of the 2nd over - 0 runs, 1 hit, 0 errors, 1 left on base; Latin American 0 - USA 1
BOTTOM OF THE 2ND
USA batting - Pitching for Latin American : LHP Reuben Yoshida
Batting: SHB Steven Hall 0-0: Foul Ball, location: 2F
0-1: Foul Ball, location: 2F
0-2: Ball
1-2: Foul Ball, location: 2F
1-2: Strikes out swinging
Batting: RHB Jarrett Shaneyfelt 0-0: Ball
1-0: Ball
2-0: DOUBLE (Line Drive, 78XD, EV 100.0 MPH)
Batting: RHB Charlie Spence 0-0: Called Strike
0-1: Ball
1-1: Ground out 6-3 (Groundball, 6, EV 85.0 MPH)
Jarrett Shaneyfelt to third
Batting: LHB Chase Calhoun 0-0: Called Strike
0-1: Ball
1-1: Ball
2-1: Ball
3-1: Base on Balls
Batting: RHB Keon Pryor 0-0: Fielders Choice at 2nd, 6-4 (Groundball, 6, EV 106.2 MPH)
Bottom of the 2nd over - 0 runs, 1 hit, 0 errors, 2 left on base; Latin American 0 - USA 1
TOP OF THE 3RD
Latin American batting - Pitching for USA : RHP Charlie Spence
Batting: RHB Adrien Jimenez 0-0: Foul Ball, location: 2F
0-1: Ball
1-1: Ball
2-1: Swinging Strike
2-2: Ball
3-2: Base on Balls
Batting: LHB Reuben Yoshida 0-0: Ball
1-0: Ball
2-0: Sac Bunt to 2R - play at first, batter OUT! 2-3
Adrien Jimenez to second
Batting: RHB Brad Castro 0-0: Called Strike
0-1: Ball
1-1: Foul Ball, location: 2F
1-2: Strikes out swinging
Batting: SHB Beaumont Sanchez 0-0: Called Strike
0-1: Ball
1-1: Ball
2-1: Foul Ball, location: 2F
2-2: Ball
3-2: Strikes out swinging
Top of the 3rd over - 0 runs, 0 hits, 0 errors, 1 left on base; Latin American 0 - USA 1
BOTTOM OF THE 3RD
USA batting - Pitching for Latin American : LHP Reuben Yoshida
Batting: RHB Parker Lee 0-0: Called Strike
0-1: Ground out 6-3 (Groundball, 6, EV 80.6 MPH)
Batting: LHB Rob Morris 0-0: Ball
1-0: Ball
2-0: SINGLE (Line Drive, 8RS, EV 87.5 MPH)
Batting: LHB Byron Carlton Pickoff Play to 1st, Runner tries for 2nd, OUT after rundown.
0-0: Ball
1-0: Called Strike
1-1: Ground out 6-3 (Groundball, 6, EV 89.4 MPH)
Bottom of the 3rd over - 0 runs, 1 hit, 0 errors, 0 left on base; Latin American 0 - USA 1
TOP OF THE 4TH
Latin American batting - Pitching for USA : RHP Charlie Spence
Batting: RHB Asher Kappler 0-0: Called Strike
0-1: Swinging Strike
0-2: Foul Ball, location: 2F
0-2: Strikes out swinging
Batting: RHB Adrien Mondragon 0-0: Ball
1-0: Called Strike
1-1: Ball
2-1: Foul Ball, location: 2F
2-2: SINGLE (Groundball, 56, EV 108.1 MPH)
Batting: LHB Zac Arellanes 0-0: Called Strike
0-1: Swinging Strike
0-2: Strikes out swinging
Batting: RHB Khaleen Romero 0-0: Called Strike
Adrien Mondragon is caught stealing 2nd base 2-4
Top of the 4th over - 0 runs, 1 hit, 0 errors, 0 left on base; Latin American 0 - USA 1
BOTTOM OF THE 4TH
USA batting - Pitching for Latin American : LHP Reuben Yoshida
Batting: LHB Devon Cundiff 0-0: Foul Ball, location: 2F
0-1: Ball
1-1: Ball
2-1: Swinging Strike
2-2: Strikes out looking
Batting: SHB Steven Hall 0-0: Ball
1-0: Called Strike
1-1: Foul Ball, location: 2F
1-2: Ball
2-2: Ball
3-2: Foul Ball, location: 2F
3-2: Ground out 4-3 (Groundball, 4S, EV 69.4 MPH)
Batting: RHB Jarrett Shaneyfelt 0-0: Called Strike
0-1: Swinging Strike
0-2: Ball
1-2: Strikes out swinging
Bottom of the 4th over - 0 runs, 0 hits, 0 errors, 0 left on base; Latin American 0 - USA 1
TOP OF THE 5TH
Latin American batting - Pitching for USA : RHP Charlie Spence
Batting: RHB Khaleen Romero 0-0: Called Strike
0-1: Called Strike
0-2: Foul Ball, location: 2F
0-2: Foul Ball, location: 2F
0-2: Ball
1-2: Foul Ball, location: 2F
1-2: Strikes out swinging
Batting: LHB Archibald Vasquez 0-0: Called Strike
0-1: Foul Ball, location: 2F
0-2: Ball
1-2: Foul Ball, location: 2F
1-2: Strikes out looking
Batting: RHB Adrien Jimenez 0-0: Called Strike
0-1: Called Strike
0-2: Ball
1-2: Foul Ball, location: 2F
1-2: Ball
2-2: Foul Ball, location: 2F
2-2: Strikes out looking
Top of the 5th over - 0 runs, 0 hits, 0 errors, 0 left on base; Latin American 0 - USA 1
BOTTOM OF THE 5TH
USA batting - Pitching for Latin American : LHP Reuben Yoshida
Batting: RHB Charlie Spence 0-0: Called Strike
0-1: Ground out 5-3 (Groundball, 56S, EV 85.6 MPH)
Batting: LHB Chase Calhoun 0-0: Ball
1-0: SINGLE (Groundball, 6MS, EV 69.4 MPH) (infield hit)
Batting: RHB Keon Pryor 0-0: Ball
1-0: Called Strike
1-1: Foul Ball, location: 2F
1-2: SINGLE (Line Drive, 9S, EV 98.1 MPH)
Chase Calhoun to second
Runner from 2nd tries for 3rd, SAFE, throw by RF made to third
Batting: RHB Parker Lee 0-0: Called Strike
0-1: Foul Ball, location: 2F
0-2: Ball
1-2: Ball
2-2: Strikes out swinging
Batting: LHB Rob Morris 0-0: Foul Ball, location: 2F
0-1: Called Strike
0-2: Strikes out swinging
Bottom of the 5th over - 0 runs, 2 hits, 0 errors, 2 left on base; Latin American 0 - USA 1
TOP OF THE 6TH
Latin American batting - Pitching for USA : RHP Charlie Spence
Pinch Hitting: LHB Sayon Castillo 0-0: Called Strike
0-1: Foul Ball, location: 2F
0-2: Ball
1-2: Ball
2-2: Strikes out swinging
Batting: RHB Brad Castro 0-0: Called Strike
0-1: Fly out, F3 (Popup, 3SF, EV 68.8 MPH)
Batting: SHB Beaumont Sanchez 0-0: Ball
1-0: Ball
2-0: Ball
3-0: Foul Ball, location: 2F
3-1: SINGLE (Flyball, 78S, EV 89.4 MPH)
Batting: RHB Asher Kappler 0-0: Called Strike
0-1: Ball
1-1: Hit by Pitch
Beaumont Sanchez to second
Batting: RHB Adrien Mondragon 0-0: Foul Ball, location: 2F
0-1: Foul Ball, location: 2F
0-2: Fly out, F9 (Flyball, 9, EV 91.9 MPH)
Top of the 6th over - 0 runs, 1 hit, 0 errors, 2 left on base; Latin American 0 - USA 1
BOTTOM OF THE 6TH
USA batting - Pitching for Latin American : LHP Reuben Yoshida
Pitching: RHP Cedric Chavez
Batting: LHB Byron Carlton 0-0: Ball
1-0: Swinging Strike
1-1: Ball
2-1: Ball
3-1: Base on Balls
Batting: LHB Devon Cundiff 0-0: Ball
1-0: Called Strike
1-1: Ball
2-1: Fly out, F7 (Flyball, 7D, EV 86.9 MPH)
Runner from 1st tags up, SAFE at 2nd
Batting: SHB Steven Hall 0-0: Foul Ball, location: 2F
0-1: Ball
1-1: Ball
2-1: Foul Ball, location: 2F
2-2: Ball
3-2: Base on Balls
Batting: RHB Jarrett Shaneyfelt 0-0: Swinging Strike
0-1: Ball
1-1: Foul Ball, location: 2F
1-2: Foul Ball, location: 2F
1-2: Fly out, F7 (Line Drive, 7, EV 83.1 MPH)
Batting: RHB Charlie Spence 0-0: Foul Ball, location: 2F
0-1: Foul Ball, location: 2F
0-2: Ball
1-2: Ball
2-2: Ground out U3 (Groundball, 3S, EV 67.5 MPH)
Bottom of the 6th over - 0 runs, 0 hits, 0 errors, 2 left on base; Latin American 0 - USA 1
TOP OF THE 7TH
Latin American batting - Pitching for USA : RHP Charlie Spence
Batting: LHB Zac Arellanes 0-0: Called Strike
0-1: Fly out, F9 (Flyball, 89M, EV 91.9 MPH)
Batting: RHB Khaleen Romero 0-0: Called Strike
0-1: Ground out 6-3 (Groundball, 6, EV 79.4 MPH)
Batting: LHB Archibald Vasquez 0-0: Swinging Strike
0-1: Called Strike
0-2: Ground out 4-3 (Groundball, 4M, EV 98.1 MPH)
Top of the 7th over - 0 runs, 0 hits, 0 errors, 0 left on base; Latin American 0 - USA 1
BOTTOM OF THE 7TH
USA batting - Pitching for Latin American : RHP Cedric Chavez
Batting: LHB Chase Calhoun 0-0: Ball
1-0: Foul Ball, location: 2F
1-1: Fly out, F9 (Flyball, 89M, EV 85.6 MPH)
Batting: RHB Keon Pryor 0-0: Called Strike
0-1: SINGLE (Line Drive, 56D, EV 98.1 MPH)
Batting: RHB Parker Lee 0-0: Ball
1-0: Foul Ball, location: 2F
1-1: Foul Ball, location: 2F
1-2: 2-RUN HOME RUN (Line Drive, 78XD, EV 100.6 MPH), Distance : 415 ft
Batting: LHB Rob Morris 0-0: Ball
1-0: Foul Ball, location: 2F
1-1: Ball
2-1: Fly out, F6 (Flyball, 6D, EV 82.5 MPH)
Batting: LHB Byron Carlton 0-0: SOLO HOME RUN (Flyball, 9D, EV 98.8 MPH), Distance : 381 ft
Pitching: RHP Webb Martinez
Batting: LHB Devon Cundiff 0-0: SINGLE (Line Drive, 9S, EV 100.0 MPH)
Batting: SHB Steven Hall 0-0: Called Strike
0-1: Foul Ball, location: 2F
0-2: Strikes out swinging
Bottom of the 7th over - 3 runs, 4 hits, 0 errors, 1 left on base; Latin American 0 - USA 4
TOP OF THE 8TH
Latin American batting - Pitching for USA : RHP Charlie Spence
Batting: RHB Adrien Jimenez 0-0: Ball
1-0: Called Strike
1-1: Ball
2-1: Foul Ball, location: 2F
2-2: Ball
3-2: Strikes out looking
Pinch Hitting: LHB Kade Cotto 0-0: Ball
1-0: Foul Ball, location: 2F
1-1: Foul Ball, location: 2F
1-2: Strikes out swinging
Batting: RHB Brad Castro 0-0: Called Strike
0-1: Foul Ball, location: 2F
0-2: Ball
1-2: Ball
2-2: Strikes out swinging
Top of the 8th over - 0 runs, 0 hits, 0 errors, 0 left on base; Latin American 0 - USA 4
BOTTOM OF THE 8TH
USA batting - Pitching for Latin American : RHP Webb Martinez
Pitching: RHP J.J. Ortega
Batting: RHB Jarrett Shaneyfelt 0-0: Called Strike
0-1: Ball
1-1: Ball
2-1: Ball
3-1: Base on Balls
Pinch Hitting: RHB Fred Etheridge 0-0: Ball
1-0: Ball
2-0: Ball
3-0: Fly out, F4 (Popup, 4MD, EV 58.1 MPH)
Batting: LHB Chase Calhoun 0-0: Called Strike
0-1: Fly out, F9 (Flyball, 89M, EV 87.5 MPH)
Batting: RHB Keon Pryor 0-0: Ball
1-0: Ball
Jarrett Shaneyfelt is caught stealing 2nd base 2-4
Bottom of the 8th over - 0 runs, 0 hits, 0 errors, 0 left on base; Latin American 0 - USA 4
TOP OF THE 9TH
Latin American batting - Pitching for USA : RHP Charlie Spence
Pitching: RHP Trevon Pearson
Batting: SHB Beaumont Sanchez 0-0: Ball
1-0: Ball
2-0: Foul Ball, location: 2F
2-1: Foul Ball, location: 2F
2-2: Foul Ball, location: 2F
2-2: Foul Ball, location: 2F
2-2: Ground out U3 (Groundball, 34S, EV 82.5 MPH)
Batting: RHB Asher Kappler 0-0: Ball
1-0: Foul Ball, location: 2F
1-1: Foul Ball, location: 2F
1-2: Ball
2-2: DOUBLE (Flyball, 78XD, EV 101.9 MPH)
Batting: RHB Adrien Mondragon 0-0: Ball
1-0: Swinging Strike
1-1: Foul Ball, location: 2F
1-2: Foul Ball, location: 2F
1-2: SINGLE (Line Drive, 8RS, EV 91.9 MPH)
Asher Kappler to third
Pitching: RHP Dave Hunt
Batting: LHB Zac Arellanes 0-0: Called Strike
0-1: Foul Ball, location: 2F
0-2: Strikes out looking
Batting: RHB Khaleen Romero 0-0: Called Strike
0-1: Swinging Strike
0-2: Ball
1-2: Strikes out looking
Top of the 9th over - 0 runs, 2 hits, 0 errors, 2 left on base; Latin American 0 - USA 4
Sunday, April 14th , 2024 - OOTP Baseball 23.10 Build 110